 Dungeon Sprint DCSS version 0.17-a0-1485-g22cb0ee (webtiles) character file.

95 pulse the Cudgeler (level 4, -2/40 HPs)
             Began as a Formicid Berserker on July 5, 2015.
             Was a High Priest of Trog.
             Killed from afar by a deep elf mage (21 damage)
             ... with a fireball
             ... in the Dungeon (Sprint IX: "|||||||||||||||||||||||||||||").
             The game lasted 00:01:03 (245 turns).

pulse the Cudgeler (Formicid Berserker)              Turns: 245, Time: 00:01:03

Health: -2/40      AC: 18    Str: 23    XL:     4   Next: 97%
Magic:  4/4        EV:  7    Int:  6    God:    Trog [*****.]
Gold:   0          SH:  0    Dex: 10    Spells: 0 memorised, 3 levels left

rFire  . . .     SeeInvis +     o - +2 morningstar (protect)
rCold  . . .     Clarity  .     p - +0 plate armour
rNeg   . . .     SustAt   .     (no shield)
rPois  .         Gourm    .     (helmet unavailable)
rElec  .         Spirit   .     (no cloak)
rCorr  .         Warding  .     (no gloves)
rMut   .         Stasis   +     (no boots)
MR     .....                    (no amulet)
Stlth  ..........               (no ring)
                                r - +2 ring of protection

@: lethally poisoned (-2 -> -6), not resistant to hostile enchantments,
extremely unstealthy
A: permanent stasis, dig shafts and tunnels, four strong arms, antennae 3
a: Dig, Burn Spellbooks, Trog's Hand, Brothers in Arms, Renounce Religion


You were in the Dungeon.
You worshipped Trog.
Trog was extremely pleased with you.
You were not hungry.

You visited 1 branch

Inventory:

Hand weapons
 a - a +0 mace
 o - a +2 morningstar of protection (weapon)
Armour
 b - a +0 animal skin
 m - a +0 pair of gloves
 n - a +0 cloak
 p - a +0 plate armour (worn)
Jewellery
 q - a +3 ring of intelligence
 r - a +2 ring of protection (left hand)
Magical devices
 l - a wand of draining (6)
Scrolls
 i - 2 scrolls of blinking
 k - 3 scrolls of remove curse
Potions
 d - a potion of invisibility
 e - 2 potions of heal wounds
 f - a potion of haste
 g - 4 potions of magic
 h - a potion of berserk rage
 j - 3 potions of curing
Comestibles
 c - a bread ration


   Skills:
 + Level 5.9 Fighting
 * Level 6.5 Maces & Flails
 + Level 3.8 Armour
 + Level 3.7 Dodging


You had 3 spell levels left.
You didn't know any spells.

Dungeon Overview and Level Annotations

Branches:
Dungeon (1/1)

Altars:
Cheibriados
Dithmenos
Elyvilon
Fedhas
Gozag
Kikubaaqudgha
Makhleb
Nemelex Xobeh
Okawaru
Qazlal
Ru
Sif Muna
Trog
Vehumet
Xom
Yredelemnul
Zin
The Shining One
Beogh
Jiyva
Lugonu


Innate Abilities, Weirdness & Mutations

You are under a permanent stasis effect.
You can dig through walls and to a lower floor.
Your four strong arms can wield two-handed weapons with a shield.
You have a pair of large antennae on your head (SInv).


Message History

The killer bee barely misses you.
Drink which item? (? for menu, Esc to quit)
You feel better.
The killer bee stings you but does no damage.
The killer bee barely misses you.
You closely miss the killer bee.
The killer bee is almost dead.
The killer bee barely misses you. The killer bee stings you.
The killer bee stings you.
You are poisoned.
The killer bee poisons you!
You puncture the killer bee!
You kill the killer bee!
Trog accepts your kill.
Your Maces & Flails skill increases to level 6!
You feel sick.
The deep elf mage gestures at you while chanting.
The fireball explodes!
The fireball engulfs you!
Ouch! That really hurt!
You die...

{
▓.▓
▓?▓
{
▓|▓
{
▓)▓
{
▓.▓
{
▓.▓
{
▓.▓
{
▓.▓
{
▓@▓
{
▓†▓
▓e▓
▓a▓
▓K▓
▓.▓
▓.▓
▓.▓


You could see a deep elf mage, a worker ant and a kobold.

Vanquished Creatures
  A killer bee (D)
  A worker ant (D)
  2 adders (D)
  2 bats (D)
  2 hobgoblins (D)
  A giant newt (D)
  A goblin (D)
  A kobold (D)
  2 rats (D)
13 creatures vanquished.

Vanquished Creatures (others)
  A spatial maelstrom (D)
1 creature vanquished.

Grand Total: 14 creatures vanquished

Notes
Turn   | Place    | Note
--------------------------------------------------------------
     0 | D        | pulse the Formicid Berserker began the quest for the Orb.
     0 | D        | Reached XP level 1. HP: 18/18 MP: 1/1
     4 | D        | Banished a spatial maelstrom
     8 | D        | Acquired Trog's second power
    37 | D        | Reached XP level 2. HP: 25/25 MP: 2/2
    43 | D        | Reached skill level 4 in Fighting
    46 | D        | Acquired Trog's third power
   102 | D        | Found a glowing silver altar of Zin.
   102 | D        | Found a glowing golden altar of the Shining One.
   102 | D        | Found an ancient bone altar of Kikubaaqudgha.
   102 | D        | Found a basalt altar of Yredelemnul.
   102 | D        | Found a shimmering altar of Xom.
   102 | D        | Found a radiant altar of Vehumet.
   110 | D        | Found an iron altar of Okawaru.
   130 | D        | Found a burning altar of Makhleb.
   141 | D        | Found a deep blue altar of Sif Muna.
   142 | D        | Found a bloodstained altar of Trog.
   143 | D        | Found a sparkling altar of Nemelex Xobeh.
   144 | D        | Found a white marble altar of Elyvilon.
   179 | D        | Found a roughly hewn altar of Beogh.
   180 | D        | Found a viscous altar of Jiyva.
   181 | D        | Found a corrupted altar of Lugonu.
   182 | D        | Found a blossoming altar of Fedhas.
   183 | D        | Found a snail-covered altar of Cheibriados.
   184 | D        | Found a shadowy altar of Dithmenos.
   185 | D        | Found a stormy altar of Qazlal.
   186 | D        | Found an opulent altar of Gozag.
   187 | D        | Found a sacrificial altar of Ru.
   231 | D        | Noticed a worker ant
   231 | D        | Noticed a killer bee
   231 | D        | Noticed a deep elf mage
   231 | D        | Noticed a worker ant
   232 | D        | Reached XP level 3. HP: 29/31 MP: 3/3
   235 | D        | Killed a worker ant
   235 | D        | Reached skill level 5 in Fighting
   235 | D        | Reached skill level 5 in Maces & Flails
   235 | D        | Reached XP level 4. HP: 30/39 MP: 4/4
   245 | D        | Killed a killer bee
   245 | D        | Reached skill level 6 in Maces & Flails
   245 | D        | Killed from afar by a deep elf mage

Vault maps used:
D:        linesprint

Action                   |  1- 3 |  4- 6 || total
-------------------------+-------+-------++-------
Melee: Mace              |    34 |       ||    34
       Morningstar       |     3 |     9 ||    12
Evoke: Wand              |     1 |       ||     1
  Use: Potion            |     2 |     1 ||     3
